Map: Kairos Junction LE

Players

Tranzit - Winner!

  • Race: Zerg Zerg
  • League: Gold
  • Spawn Location: 11:00

MechaCaulk

  • Race: Zerg Zerg
  • League: Platinum
  • Spawn Location: 5:00

VOD

Have the link to the VOD?

Description

Time

  • Played on: April 4, 2019, 5:06 a.m.
  • Length: 16:13
Show
View Real Time Build Order
Export as new Build Order

Tranzit Zerg - Winner!

Build Orders: Pool First, Roach Hydra 

Get SALT Encoding   

  12  0:01  Drone  
  13  0:09  Drone  
  14  0:17  Overlord  
  14  0:37  Drone, Spawning Pool  
  14  0:41  Drone  
  15  0:46  Drone  
  15  0:49  Extractor  
  15  0:53  Drone  
  16  1:00  Drone  
  17  1:14  Drone  
  18  1:22  Overlord  
  18  1:24  Queen  
  20  1:33  Zergling x2  
  21  1:51  Zergling x2  
  21  1:52  Hatchery  
  21  1:58  Zergling x2  
  21  2:00  Metabolic Boost  
  22  2:13  Zergling x2  
  23  2:16  Overlord  
  23  2:27  Zergling x2  
  24  2:33  Zergling x6  
  27  2:44  Drone  
  28  2:58  Zergling x2  
  29  3:07  Zergling x10  
  34  3:18  Drone x2  
  32  3:27  Zergling x4  
  32  3:34  Queen  
  31  3:35  Drone  
  31  3:40  Drone x2, Roach Warren  
  34  4:02  Lair, Extractor  
  33  4:04  Drone x3  
  36  4:18  Overlord x2  
  36  4:25  Roach x2  
  36  4:28  Drone  
  41  4:37  Drone x3  
  44  4:51  Drone x4  
  48  5:01  Evolution Chamber  
  48  5:03  Evolution Chamber  
  46  5:08  Overlord x2  
  46  5:30  Zerg Missile Weapons Level 1  
  46  5:31  Zerg Ground Armor Level 1  
  46  5:33  Roach x2  
  46  5:34  Roach  
  52  5:36  Drone  
  52  5:40  Glial Reconstitution  
  53  6:01  Overlord  
  53  6:04  Hatchery  
  52  6:20  Drone x9  
  61  6:41  Extractor  
  61  6:44  Extractor  
  61  6:46  Hydralisk Den, Drone  
  61  6:47  Drone x2, Overlord x2  
  60  6:48  Overlord  
  57  7:11  Roach  
  57  7:12  Roach x4  
  67  7:17  Muscular Augments  
  67  7:18  Hydralisk x2  
  67  7:22  Queen  
  73  7:35  Zerg Missile Weapons Level 2  
  73  7:45  Drone  
  73  7:46  Drone x7  
  81  7:53  Drone  
  81  7:54  Drone x4  
  86  8:19  Hydralisk x2  
  85  8:20  Roach x3, Hydralisk x2  
  85  8:23  Overlord  
  98  8:43  Hydralisk x3  
  98  8:44  Hydralisk  
  106  8:56  Overlord x6  
  106  9:03  Grooved Spines  
  106  9:05  Zerg Ground Armor Level 2  
  106  9:14  Extractor  
  105  9:17  Extractor  
  105  9:22  Hydralisk x2  
  105  9:23  Roach x3, Hydralisk x2  
  105  9:24  Roach  
  120  9:36  Drone  
  120  9:37  Drone x8  
  129  9:43  Zergling x8  
  134  10:00  Zergling x18  
  134  10:03  Zerg Melee Weapons Level 1  
  139  10:18  Hydralisk  
  139  10:19  Roach, Hydralisk x2  
  139  10:20  Roach x2  
  149  10:39  Overlord x4  
  149  10:43  Zergling x2  
  149  10:44  Zergling x8  
  149  10:49  Hatchery  
  132  11:03  Pneumatized Carapace  
  108  11:04  Hydralisk x2  
  108  11:05  Roach x3, Hydralisk x3  
  108  11:06  Roach  
  108  11:07  Roach  
  118  11:32  Drone  
  119  11:33  Drone x8  
  127  11:46  Baneling Nest  
  126  11:50  Hydralisk x2  
  126  11:51  Roach  
  132  12:01  Hydralisk x2  
  132  12:02  Roach x3, Hydralisk x3  
  132  12:03  Roach x2  
  147  12:14  Hydralisk  
  147  12:15  Roach x2, Hydralisk x3  
  155  12:16  Roach  
  157  12:32  Zergling x4  
  157  12:33  Zergling x10  
  164  12:45  Hydralisk  
  164  12:46  Roach, Hydralisk x3  
  164  12:47  Roach x2  
  178  12:56  Zergling x8  
  182  13:07  Zerg Melee Weapons Level 2  
  182  13:09  Queen  
  182  13:11  Hydralisk  
  182  13:12  Roach, Hydralisk  
  192  13:13  Roach  
  192  13:22  Centrifical Hooks  
  185  13:40  Zergling x16  
  191  13:47  Hydralisk x2  
  191  13:48  Roach  
  190  14:00  Overlord x3  
  190  14:07  Infestation Pit  
  189  14:17  Zergling x4  
  191  14:20  Baneling x4  
  191  14:21  Baneling x3  
  174  15:06  Zergling x2, Hydralisk  
  174  15:07  Roach x2, Zergling x4, Hydralisk x6  
  167  15:08  Roach x6, Hydralisk  
  191  15:20  Hydralisk x4  
  191  15:21  Roach x5, Hydralisk x2  
  191  15:45  Zergling x18  
Show
View Real Time Build Order
Export as new Build Order

MechaCaulk Zerg 

Build Orders: Pool First, Swarm Host 

Get SALT Encoding   

  12  0:02  Drone  
  13  0:14  Overlord  
  13  0:19  Drone  
  14  0:33  Extractor  
  14  0:34  Drone x2  
  15  0:40  Drone  
  16  0:58  Spawning Pool  
  16  0:59  Drone  
  16  1:00  Drone  
  17  1:11  Drone  
  18  1:26  Drone  
  18  1:29  Hatchery  
  18  1:48  Zergling x2  
  18  1:49  Queen, Zergling x2  
  18  1:52  Overlord  
  22  2:02  Metabolic Boost  
  22  2:11  Zergling x2  
  22  2:13  Zergling x2  
  24  2:28  Zergling x2  
  25  2:30  Queen  
  25  2:35  Zergling x2  
  28  2:42  Queen  
  28  2:43  Zergling x2  
  31  2:46  Zergling x2  
  32  2:53  Zergling x2  
  31  3:09  Roach Warren  
  31  3:10  Zergling x2, Drone  
  31  3:11  Extractor  
  31  3:15  Drone x4  
  34  3:28  Zergling x4  
  36  3:38  Spine Crawler x2, Drone x2  
  36  3:55  Drone  
  36  3:57  Overlord  
  36  3:59  Overlord  
  36  4:24  Evolution Chamber  
  36  4:28  Roach x4  
  36  4:29  Roach x2  
  36  4:30  Drone  
  48  4:49  Drone  
  48  4:50  Drone x3  
  52  4:58  Overlord x2  
  52  5:10  Evolution Chamber  
  51  5:19  Drone x4  
  51  5:20  Drone x2  
  57  5:24  Drone  
  57  5:25  Drone  
  58  5:40  Baneling Nest  
  57  5:45  Drone  
  57  5:46  Drone x4  
  57  5:48  Roach x2  
  66  6:06  Spore Crawler x2  
  66  6:07  Lair  
  64  6:13  Overlord  
  64  6:17  Extractor  
  63  6:24  Baneling  
  63  6:25  Baneling x16  
  63  6:31  Drone x4  
  67  6:36  Overlord x2  
  67  6:39  Drone x2  
  69  6:58  Roach x3  
  69  6:59  Roach x3  
  73  7:14  Roach  
  73  7:15  Roach x2  
  79  7:28  Hydralisk Den  
  78  7:31  Zerg Melee Weapons Level 1  
  78  7:52  Zergling x12, Extractor  
  78  7:53  Roach x3  
  78  7:54  Roach  
  78  7:58  Glial Reconstitution  
  91  8:13  Overlord x2  
  91  8:17  Baneling  
  90  8:23  Baneling x6  
  90  8:24  Baneling  
  90  8:44  Hydralisk x3  
  90  8:47  Overlord x2  
  90  8:48  Zergling x14  
  103  9:09  Muscular Augments  
  103  9:10  Hydralisk  
  103  9:11  Roach x3, Hatchery  
  103  9:13  Overlord x2  
  110  9:21  Zerg Missile Weapons Level 1  
  110  9:30  Queen  
  112  9:33  Hydralisk  
  112  9:34  Roach x3  
  112  9:37  Baneling  
  112  9:38  Zergling x4  
  122  9:42  Zergling x4  
  124  9:57  Queen  
  126  10:04  Zerg Melee Weapons Level 2  
  126  10:05  Zergling x8  
  126  10:06  Zergling x2  
  131  10:15  Drone  
  131  10:17  Overlord x3  
  132  10:33  Drone x6  
  138  10:36  Overlord x2  
  138  10:45  Centrifical Hooks  
  116  10:58  Hydralisk x2  
  116  10:59  Roach x3  
  108  11:06  Hydralisk  
  108  11:07  Roach  
  106  11:21  Zergling x10  
  106  11:22  Drone x3  
  114  11:29  Drone x3  
  117  11:34  Grooved Spines  
  117  11:35  Drone x2  
  117  11:38  Drone  
  120  11:45  Zerg Missile Weapons Level 2  
  120  11:47  Drone x3  
  120  11:53  Drone  
  125  11:54  Drone x3  
  125  12:09  Hydralisk x2  
  125  12:10  Roach x3  
  125  12:11  Roach  
  135  12:19  Baneling  
  135  12:20  Baneling x8  
  135  12:26  Spine Crawler  
  134  12:32  Hydralisk  
  134  12:33  Roach x3, Hydralisk  
  134  12:34  Roach  
  134  12:36  Zergling x4  
  148  12:44  Zerg Ground Armor Level 1  
  148  12:56  Zergling x10  
  153  13:00  Hydralisk x2  
  153  13:04  Overseer  
  148  13:36  Hydralisk  
  148  13:37  Roach x4, Hydralisk x5  
  148  13:38  Roach x7, Hydralisk  
  156  13:50  Overlord x2  
  156  13:59  Infestation Pit, Overseer  
  155  14:17  Nydus Network  
  154  14:23  Roach x4  
  154  14:24  Roach x4  
  170  14:29  Overlord  
  155  14:50  Swarm Host  
  155  14:51  Swarm Host x5  
  161  15:08  Roach x2, Hydralisk x2  
  161  15:09  Roach  
  155  15:17  Hydralisk  
  155  15:18  Roach x3  
  153  15:25  Zergling x12  
Tags
 
Add a new tag
Caveats
  • Supply blocks, unpowered buildings, or Contaminate may cause inaccurate times.
  • Supply counts are checked every 10 seconds.